 Dungeon Crawl Stone Soup version 0.25.0-9-g26727b657a (webtiles) character file.

Game seed: 729132866373262115

725 Esekla the Slasher (level 7, 0/41 HPs)
             Began as a Tengu Skald on June 18, 2020.
             Shot with an arrow by a centaur (5 damage)
             ... on level 6 of the Dungeon.
             The game lasted 00:18:38 (4351 turns).

Esekla the Slasher (Tengu Skald)                    Turns: 4351, Time: 00:18:39

Health: 0/41       AC:  5    Str: 12    XL:     7   Next: 72%
Magic:  0/13       EV: 14    Int: 13    God:
Gold:   246        SH:  0    Dex: 15    Spells: 8/13 levels left

rFire    . . .     SeeInvis .   a - +0 falchion
rCold    . . .     Gourm    .   (no shield)
rNeg     . . .     Faith    .   b - +0 leather armour
rPois    .         Spirit   +   (helmet restricted)
rElec    .         Reflect  .   k - +0 cloak
rCorr    .         Harm     .   l - +0 pair of gloves
MR       .....                  (boots unavailable)
Stlth    +.........             c - amulet of guardian spirit
HPRegen  0.13/turn              (no ring)
MPRegen  0.13/turn              (no ring)

@: no status effects
A: beak, talons 3, able to fly
a: Fly


You were on level 6 of the Dungeon.
You were not hungry.

You visited 1 branch of the dungeon, and saw 6 of its levels.

You collected 246 gold pieces.

Inventory:

Hand Weapons
 a - a +0 falchion (weapon)
 y - a +1 short sword of holy wrath
Missiles
 f - 9 boomerangs (quivered)
Armour
 b - a +0 leather armour (worn)
 k - a +0 cloak (worn)
 l - a +0 pair of gloves (worn)
Jewellery
 c - an amulet of guardian spirit (around neck)
Scrolls
 i - 4 scrolls of identify
 j - 2 scrolls of enchant armour {unknown}
 m - 2 scrolls of remove curse {unknown}
 o - a scroll of immolation {unknown}
 q - 3 scrolls of teleportation
 r - a scroll of random uselessness {unknown}
 s - 2 scrolls of magic mapping {unknown}
 u - a scroll of enchant weapon {unknown}
 w - a scroll of amnesia {unknown}
Potions
 e - 2 potions of stabbing {unknown}
 g - 2 potions of curing
 h - a potion of berserk rage {unknown}
 n - a potion of magic {unknown}
 p - a potion of might {unknown}
 t - 2 potions of flight {unknown}
 v - a potion of heal wounds {unknown}
Comestibles
 d - 8 rations


   Skills:
 + Level 3.1 Fighting
 * Level 6.5 Long Blades
 + Level 2.7 Armour
 * Level 4.0 Dodging
 * Level 3.5 Spellcasting
 - Level 2.7 Charms


You had 8 spell levels left.
You knew the following spells:

 Your Spells              Type           Power        Failure   Level  Hunger
a - Infusion              Chrm           #...         9%          1    #......
b - Shroud of Golubria    Chrm/Tloc      #.....       24%         2    ##.....
c - Song of Slaying       Chrm           #.......     14%         2    ##.....

Your spell library contained the following spells:

 Spells                   Type           Power        Failure   Level  Hunger
 Ozocubu's Armour         Chrm/Ice       #.......     43%         3    ###....
 Spectral Weapon          Hex/Chrm       #.......     43%         3    ###....


Dungeon Overview and Level Annotations

Branches:
Dungeon (6/15)
 Temple: D:4-7

Altars:
Fedhas

Annotations:
D:5 Ijyb


Innate Abilities, Weirdness & Mutations

You have a beak for a mouth.
You have claws for feet.
You can fly continuously.


Message History

The centaur is severely wounded.
The centaur barely misses you.
You riposte.
You hit the centaur.
The centaur is almost dead.
The ice beast hits you but does no damage.
The centaur hits you!
* * * LOW HITPOINT WARNING * * *
You closely miss the centaur. Your kick misses the centaur.
You peck the centaur, but do no damage.
The centaur is almost dead.
Your surroundings suddenly seem different.
Found four items.
Found a stone staircase leading down.
You now have 246 gold pieces (gained 15).
You start resting.
The centaur is too close now for your liking.
Found 10 gold pieces.
Found 16 gold pieces.
Found 16 gold pieces.
The centaur wields a +0 shortbow.
The centaur shoots an arrow.
The arrow hits you!
You die...

.# .# ###.# ####
$..##... ). ...$..#
...%###...$###
#......#...## #@..##...
#.#...# .... #..##.#
.... ##.# .. ..... #.#
. ..... #.# ......> #.#
? #.........##c###!...
#####c.............[..#


You could see a centaur.

Vanquished Creatures
  2 ogres
  A centaur (D:5)
  2 bullfrogs
  2 hounds
  Jessica (D:2)
  5 worker ants
  A hound skeleton (D:4)
  2 adders (D:3)
  An ooze (D:1)
  An adder skeleton (D:4)
  6 worms
  A dart slug (D:4)
  A leopard gecko (D:3)
  7 orcs
  2 ball pythons
  2 bats
  8 giant cockroaches
  7 hobgoblins
  14 jackals
  2 quokkas
  5 frilled lizards
  6 goblins
  A jackal skeleton (D:4)
  5 kobolds
  8 rats
93 creatures vanquished.

Notes
Turn   | Place    | Note
-------+----------+-------------------------------------------
     0 | D:1      | Esekla the Tengu Skald began the quest for the Orb.
     0 | D:1      | Reached XP level 1. HP: 12/12 MP: 4/4
   159 | D:1      | Reached XP level 2. HP: 17/17 MP: 6/6
   207 | D:1      | Learned a level 2 spell: Shroud of Golubria
   210 | D:1      | Learned a level 2 spell: Song of Slaying
   250 | D:1      | Reached XP level 3. HP: 12/21 MP: 5/7
   428 | D:1      | Reached skill level 3 in Long Blades
  1023 | D:2      | Noticed a bullfrog
  1029 | D:2      | Killed a bullfrog
  1029 | D:2      | Reached XP level 4. HP: 26/26 MP: 5/8
  1109 | D:2      | Noticed an ogre
  1136 | D:2      | Killed an ogre
  1136 | D:2      | Reached skill level 4 in Long Blades
  1136 | D:2      | Gained mutation: You can fly continuously. [Tengu growth]
  1136 | D:2      | Reached XP level 5. HP: 31/31 MP: 9/9
  1168 | D:2      | Noticed Jessica
  1176 | D:2      | Killed Jessica
  1255 | D:2      | Reached XP level 6. HP: 27/36 MP: 8/11
  2355 | D:3      | Reached skill level 5 in Long Blades
  3226 | D:4      | Reached XP level 7. HP: 21/41 MP: 5/12
  3510 | D:5      | Entered Level 5 of the Dungeon
  4052 | D:5      | Reached skill level 6 in Long Blades
  4296 | D:5      | Noticed Ijyb
  4297 | D:5      | Found a blossoming altar of Fedhas.
  4351 | D:6      | Shot with an arrow by a centaur

Illustrated notes

Levels and vault maps discovered:
D:1:      psy_arrival_dodecagon, layout_basic
D:2:      layout_loops_corners, first_ration, chequers_serial_rivers_micro_c,
          minivault_26, uniq_jessica
D:3:      layout_loops_ring, minmay_statues_item
D:4:      layout_cave_pools
D:5:      layout_basic, overflow_temple_1_default, uniq_ijyb, uniq_duvessa
D:6:      layout_rooms

Skill      XL: |  1  2  3  4  5  6  7 |
---------------+----------------------+-----
Long Blades    | 3 4 5 6 |  6.5
Dodging        | 3 4 |  4.0
Armour         | 2 |  2.7
Fighting       | 3 |  3.1
Spellcasting   | 3 |  3.5
Charms         | |  2.7

Action                   |  1- 3 |  4- 6 |  7- 9 || total
-------------------------+-------+-------+-------++-------
Melee: Falchion          |    75 |   119 |    43 ||   237
       Peck              |    13 |    31 |    11 ||    55
       Kick              |    17 |    52 |    20 ||    89
       Short sword       |       |     2 |       ||     2
Throw: Boomerang         |     1 |     6 |     3 ||    10
 Cast: Song of Slaying   |     1 |       |       ||     1
       Shroud of Golubri |       |     1 |       ||     1
  Use: Scroll            |       |       |     2 ||     2
       Potion            |       |       |     1 ||     1
 Stab: Sleeping          |     1 |     1 |       ||     2
  Eat: Chunk             |       |     8 |     1 ||     9
       Ration            |       |       |     1 ||     1
Armor: Leather armour    |    18 |    22 |    12 ||    52
Dodge: Dodged            |    49 |    76 |    27 ||   152
       Rpst.: Falchion   |    12 |    22 |     9 ||    43
